 Dungeon Crawl Stone Soup version 0.27.1-15-g792fb953b9 (webtiles) character file.

Game seed: 7483298522987391093

1876 zeram the Cleaver (level 9, -3/70 HPs)
             Began as a Hill Orc Fighter on Nov 19, 2021.
             Was an Initiate of Gozag.
             Succumbed to a killer bee's poison
             ... on level 4 of the Dungeon.
             The game lasted 00:09:24 (3696 turns).

zeram the Cleaver (Hill Orc Fighter)                Turns: 3696, Time: 00:09:25

Health: -3/70      AC:  7    Str: 22    XL:     9   Next: 14%
Magic:  9/9        EV:  8    Int:  8    God:    Gozag
Gold:   335        SH: 11    Dex: 10    Spells: 6/8 levels left

rFire    . . .     SeeInvis .   a - +0 war axe
rCold    + . .     Faith    .   c - +0 kite shield
rNeg     . . .     Spirit   .   b - +0 scale mail
rPois    .         Reflect  .   (no helmet)
rElec    .         Harm     .   (no cloak)
rCorr    .         Rampage  .   (no gloves)
Will     .....                  (no boots)
Stlth    ..........             f - amulet of regeneration
HPRegen  1.21/turn              n - ring of protection from cold
MPRegen  0.11/turn              (no ring)

@: lethally poisoned (-3 -> -14)
A: no striking features
a: Renounce Religion, Potion Petition, Call Merchant, Bribe Branch


You were on level 4 of the Dungeon.
You worshipped Gozag.
Gozag was aware of your devotion.
You visited 1 branch of the dungeon, and saw 5 of its levels.

You collected 373 gold pieces.
You paid 38 gold pieces to Gozag.

Inventory:

Hand Weapons
 a - a +0 war axe (weapon)
Armour
 b - a +0 scale mail (worn)
 c - a +0 kite shield (worn)
Jewellery
 f - an amulet of regeneration (around neck)
 i - a +6 ring of intelligence
 n - a ring of protection from cold (left hand)
 p - a ring of willpower
 q - an amulet of the acrobat
Wands
 k - a wand of polymorph (11)
Scrolls
 d - 2 scrolls of identify
 e - 2 scrolls of teleportation
 g - 3 scrolls of fog
 l - 2 scrolls of enchant weapon
 m - a scroll of blinking
 o - 2 scrolls of amnesia
Potions
 h - a potion of resistance


   Skills:
 - Level 3.6 Fighting
 + Level 10.9 Axes
 + Level 6.9 Armour
 + Level 7.3 Shields


You had 6 spell levels left.
You knew the following spells:

 Your Spells              Type           Power      Damage    Failure   Level
a - Blink                 Tloc           N/A        N/A       99%         2

Your spell library contained the following spells:

 Spells                   Type           Power      Damage    Failure   Level
 Corona                   Hex            0%         N/A       95%         1
 Ensorcelled Hibernation  Hex/Ice        0%         N/A       99%         2
 Lesser Beckoning         Tloc           0%         N/A       100%        3
 Ozocubu's Armour         Ice            0%         N/A       100%        3
 Tukima's Dance           Hex            0%         N/A       100%        3
 Manifold Assault         Tloc           0%         N/A       100%        5
 Metabolic Englaciation   Hex/Ice        0%         N/A       100%        5
 Simulacrum               Ice/Necr       0%         N/A       100%        6


Dungeon Overview and Level Annotations

Branches:
Dungeon (5/15)
 Temple: D:4-7

Altars:
Cheibriados
Fedhas
Gozag
Kikubaaqudgha
Makhleb
Wu Jian
Xom
Yredelemnul


Message History

The killer bee closely misses you. You block the killer bee's attack.
You feel very sick.
You block the killer bee's attack. x2; The killer bee stings you.
You block the killer bee's attack. The killer bee stings you. x2
You climb upwards.
You feel very sick.
There is a stone staircase leading down here.
You barely miss the killer bee.
The killer bee is almost dead.
You hit the killer bee but do no damage.
You closely miss the killer bee.
You feel sick. The killer bee stings you. x2
* * * LOW HITPOINT WARNING * * *
The killer bee stings you!
* * * LOW HITPOINT WARNING * * *
You block the killer bee's attack. The killer bee stings you.
* * * LOW HITPOINT WARNING * * *
You are more poisoned.
The killer bee poisons you! The killer bee barely misses you.
The killer bee completely misses you.
You closely miss the killer bee.
The killer bee is almost dead.
You slash the killer bee!
Your shield prevents you from hitting the killer bee.
* * * LOW HITPOINT WARNING * * *
You feel very sick.
You block the killer bee's attack. x2; The killer bee stings you.
* * * LOW HITPOINT WARNING * * *
You are more poisoned.
The killer bee poisons you! The killer bee closely misses you.
The killer bee completely misses you.
The killer bee stings you but does no damage.
Unknown command.
Unknown command.
Okay, then.
You miss the killer bee.
The killer bee is almost dead.
You hit the killer bee but do no damage.
You barely miss the killer bee.
You die...
Your body crumbles into a pile of gold.

..##........#.....##♣..♣...♣♣)♣..
.####..........##..#♣♣.♣._.♣.♣...
## #................♣.♣♣...♣♣.♣..
.###.............>...♣.♣.♣♣♣..♣..
...#..............[..♣...........
#.....................♣♣.♣.♣♣#...
.....#..#................♣♣♣##...
...###..#...................#....
..###..###......@.......##..#....
..###.....#....yyy.......#....##.
####...#......##.........#....##.
#...#.....###.................
#........## ###...............
##.......# #.......#.......
#..###### ###..#.......... ##.#
####.......... ### ##.........


You could see 3 killer bees.

Vanquished Creatures
  Pikel (D:5)
  A hornet (D:4)
  Sigmund (D:2)
  Edmund (D:4)
  A centaur (D:5)
  An ogre (D:5)
  2 lemures (D:5)
  2 scorpions (D:5)
  A killer bee (D:4)
  A centaur zombie (D:4)
  A hound (D:3)
  A centaur skeleton (D:5)
  3 iron imps (D:3)
  A bullfrog skeleton (D:5)
  An iguana (D:5)
  2 orc wizards
  Natasha (thrice) (D:2)
  A hound zombie (D:4)
  2 hound skeletons
  4 gnolls (D:5)
  5 adders
  A white imp (D:5)
  An ufetubus (D:4)
  3 adder zombies
  A worm (D:2)
  2 dart slugs
  8 orcs
  8 endoplasms
  6 giant cockroaches
  5 goblins
  10 hobgoblins
  9 jackals
  7 kobolds
  4 quokkas
  10 ball pythons
  4 bats
  2 frilled lizards
  5 rats
122 creatures vanquished.

Vanquished Creatures (others)
  An orc wizard (D:3)
  9 plants (D:2)
10 creatures vanquished.

Grand Total: 132 creatures vanquished

Notes
Turn   | Place    | Note
-------+----------+-------------------------------------------
     0 | D:1      | zeram the Hill Orc Fighter began the quest for the Orb.
     0 | D:1      | Reached XP level 1. HP: 19/19 MP: 1/1
   294 | D:1      | Reached XP level 2. HP: 20/26 MP: 2/2
   408 | D:1      | Reached skill level 3 in Axes
   516 | D:1      | Reached XP level 3. HP: 30/31 MP: 3/3
   593 | D:1      | Learned a level 2 spell: Blink
   868 | D:2      | Noticed Natasha
   876 | D:2      | Killed Natasha
   877 | D:2      | Reached skill level 4 in Axes
   877 | D:2      | Reached XP level 4. HP: 32/39 MP: 4/4
   884 | D:2      | Noticed Natasha
   890 | D:2      | Killed Natasha
  1005 | D:2      | Noticed Natasha
  1013 | D:2      | Killed Natasha
  1014 | D:2      | Reached skill level 5 in Axes
  1014 | D:2      | Reached XP level 5. HP: 42/45 MP: 5/5
  1027 | D:2      | Noticed Sigmund
  1036 | D:2      | Killed Sigmund
  1037 | D:2      | Reached skill level 6 in Axes
  1037 | D:2      | Reached XP level 6. HP: 29/51 MP: 6/6
  1514 | D:3      | Found an ornate altar of the Wu Jian Council.
  1736 | D:3      | Found a faded altar of an unknown god.
  1766 | D:3      | Reached skill level 5 in Shields
  1778 | D:3      | Reached skill level 7 in Axes
  1934 | D:3      | Found an ancient bone altar of Kikubaaqudgha.
  2188 | D:3      | Found a burning altar of Makhleb.
  2205 | D:3      | Reached XP level 7. HP: 49/57 MP: 7/7
  2207 | D:3      | Reached skill level 5 in Armour
  2333 | D:4      | Noticed a hornet
  2343 | D:4      | Paralysed by a hornet for 3 turns
  2345 | D:4      | HP: 4/85 [poisoned by a hornet]
  2350 | D:4      | Killed a hornet
  2351 | D:4      | Reached skill level 8 in Axes
  2435 | D:4      | Found an opulent altar of Gozag.
  2509 | D:4      | Found a blossoming altar of Fedhas.
  2606 | D:4      | Found a snail-covered altar of Cheibriados.
  2673 | D:4      | Found a basalt altar of Yredelemnul.
  2862 | D:4      | Became a worshipper of Gozag Ym Sagoz the Greedy
  2901 | D:5      | Entered Level 5 of the Dungeon
  2901 | D:5      | Noticed Edmund
  2931 | D:4      | HP: 2/57 [Edmund (10)]
  2944 | D:4      | Killed Edmund
  2945 | D:4      | Reached XP level 8. HP: 16/64 MP: 8/8
  3109 | D:5      | Reached skill level 9 in Axes
  3163 | D:5      | Found a shimmering altar of Xom.
  3190 | D:5      | Found a shimmering altar of Xom.
  3198 | D:5      | Found a shimmering altar of Xom.
  3200 | D:5      | Found a shimmering altar of Xom.
  3502 | D:5      | Noticed Pikel
  3539 | D:5      | Killed Pikel
  3540 | D:5      | Reached skill level 10 in Axes
  3540 | D:5      | Reached XP level 9. HP: 8/70 MP: 9/9
  3695 | D:4      | HP: 1/70 [killer bee (4)]
  3696 | D:4      | Succumbed to a killer bee's poison

Illustrated notes

Levels and vault maps discovered:
D:1:      matt_arrival_grand_opening, layout_basic
D:2:      layout_basic, serial_bayou_lagoon_a, uniq_natasha, uniq_sigmund
D:3:      layout_basic, nzn_wu_jian_council_hall, demons_altar,
          mainiacjoe_overflow_alcove_4, ebering_ecumenical_altar_webs,
          minmay_misc_feat_roman, minmay_misc_feat_room
D:4:      layout_cave_pools, nicolae_yredelemnul_corpse_copse,
          kennysheep_mini_moat, fedhas_altar_2,
          mainiacjoe_overflow_surrounded_room, kennysheep_generic_room_3
D:5:      layout_cave_pods, xom_redecorated, grunt_dithmenos_shadows,
          uniq_pikel, uniq_edmund

Skill      XL: |  1  2  3  4  5  6  7  8 |
---------------+-------------------------+-----
Axes           | 3 4 5 6 7 8 10 | 10.9
Armour         | 4 5 6 |  6.9
Shields        | 4 5 7 |  7.3
Fighting       | |  3.6

Action                   |  1- 3 |  4- 6 |  7- 9 || total
-------------------------+-------+-------+-------++-------
Melee: War axe           |    94 |   107 |   226 ||   427
       Unarmed           |       |     4 |       ||     4
  Use: Scroll            |     1 |       |     6 ||     7
       Potion            |       |     1 |     6 ||     7
 Stab: Distracted        |       |       |     2 ||     2
Armor: Scale mail        |    59 |    41 |    90 ||   190
       Skin              |       |     1 |    53 ||    54
Dodge: Dodged            |    24 |    37 |    73 ||   134
Block: Kite shield       |    61 |    61 |   160 ||   282
